 Dungeon Crawl Stone Soup version 0.29-a0-11-ga75d3d97ab (webtiles) character file.

Game seed: 5103144796684490446

12207 mathmaestro the Grappler (level 11, -14/111 HPs)
             Began as a Troll Monk on Jan 28, 2022.
             Demolished by a komodo dragon (28 damage)
             ... on level 2 of the Lair of Beasts.
             The game lasted 00:21:36 (10184 turns).

mathmaestro the Grappler (Troll Monk)              Turns: 10184, Time: 00:21:37

Health: -14/111    AC: 11    Str: 25    XL:     11   Next: 59%
Magic:  11/11      EV: 12    Int:  6    God:
Gold:   357        SH:  0    Dex: 12    Spells: 10/10 levels left

rFire   + . .      SeeInvis .     - Unarmed
rCold   + . .      Faith    .   (no shield)
rNeg    . . .      Spirit   .   p - +2 robe {rC+ rF+}
rPois   +          Reflect  .   (helmet restricted)
rElec   .          Harm     .   q - +0 cloak
rCorr   .          Rampage  .   (gloves unavailable)
Will    .....                   (boots unavailable)
Stlth   ++........              (no amulet)
HPRegen 1.08/turn               E - +4 ring of protection
MPRegen 0.12/turn               y - ring of poison resistance

@: no status effects
A: large, unfitting armour, claws 3, regeneration 1, shaggy fur 1, tough skin 1,
antennae 1, high mp 1
a: no special abilities


You were on level 2 of the Lair of Beasts.
You visited 3 branches of the dungeon, and saw 12 of its levels.
You also visited: Sewer and Ossuary.

You collected 374 gold pieces.
You spent 17 gold pieces at shops.

Inventory:

Hand Weapons
 J - a +3 scimitar of flaming
Missiles
 b - 17 boomerangs (quivered)
 d - 363 stones
 f - 67 sling bullets
 l - 345 arrows
 m - 26 poisoned darts
 n - 64 bolts
 o - 3 curare-tipped darts
 H - 3 javelins
Armour
 p - a +2 robe of resistance (worn)
 q - a +0 cloak (worn)
Jewellery
 u - an amulet of faith
 y - a ring of poison resistance (right claw)
 E - a +4 ring of protection (left claw)
Wands
 r - a wand of polymorph (7)
 D - a wand of iceblast (13)
 I - a wand of charming (1)
Scrolls
 c - a scroll of identify
 s - 3 scrolls of summoning
 w - 3 scrolls of teleportation
 C - 5 scrolls of enchant armour
 F - 2 scrolls of silence
Potions
 a - a potion of berserk rage
 e - 2 potions of magic
 h - a potion of resistance
 i - 2 potions of might
 j - a potion of cancellation
 k - 6 potions of curing
 t - a potion of brilliance {unknown}
 z - a potion of degeneration {unknown}
 A - a potion of lignification
 G - a potion of flight {unknown}


   Skills:
 + Level 7.8 Fighting
 + Level 7.1 Throwing
 + Level 6.3 Armour
 + Level 7.8 Dodging
 - Level 1.0 Stealth
 + Level 9.3 Unarmed Combat


You had 10 spell levels left.
You didn't know any spells.
Your spell library contained the following spells:

 Spells                   Type           Power      Damage    Failure   Level
 Slow                     Hex            0%         N/A       45%         1
 Confusing Touch          Hex            0%         N/A       83%         3
 Dazzling Flash           Conj/Hex       0%         N/A       83%         3
 Tukima's Dance           Hex            0%         N/A       83%         3
 Vampiric Draining        Necr           0%         2d6       83%         3
 Leda's Liquefaction      Hex/Erth       0%         N/A       99%         4
 Passage of Golubria      Tloc           0%         N/A       99%         4
 Agony                    Necr           0%         N/A       100%        5
 Lee's Rapid Deconstruct  Erth           0%         3d5*      100%        5
 Silence                  Hex/Air        0%         N/A       100%        5
 Summon Forest            Summ/Tloc      0%         N/A       100%        5
 Yara's Violent Unravell  Hex/Tmut       0%         3d3       100%        5
 Eringya's Noxious Bog    Tmut/Pois      0%         N/A       100%        6
 Statue Form              Tmut/Erth      0%         N/A       100%        6
 Summon Hydra             Summ           0%         N/A       100%        7


Dungeon Overview and Level Annotations

Branches:
Dungeon (9/15)             Temple (1/1) D:5            Lair (2/6) D:9
    Orc (0/2) D:9           Sewer (visited)         Ossuary (visited)
  Swamp: Lair:2-4    Shoals: Lair:2-4     Snake: Lair:2-4    Spider: Lair:2-4

Altars:
Ashenzari
Cheibriados
Dithmenos
Elyvilon
Fedhas
Gozag
Hepliaklqana
Kikubaaqudgha
Makhleb
Nemelex Xobeh
Okawaru
Qazlal
Ru
Sif Muna
Trog
Uskayaw
Vehumet
Wu Jian
Xom
Yredelemnul
Zin
The Shining One

Shops:
D:3 *   D:6 (

Annotations:
D:9 exclusion: ice statue


Innate Abilities, Weirdness & Mutations

You are too large for most types of armour.
You have claws for hands.
Your natural rate of healing is unusually fast.
You are covered in fur. (AC +1)
You have tough skin. (AC +1)
You have a pair of small antennae on your head.
You have an increased reservoir of magic. (+10% MP)


Message History

The black mamba is moderately wounded.
The black mamba barely misses you.
You closely miss the black mamba.
The black mamba is moderately wounded.
The black mamba closely misses you. The komodo dragon bites you!!
The black mamba bites you!
You miss the black mamba.
The black mamba is moderately wounded.
The black mamba bites you but does no damage.
The komodo dragon barely misses you.
You barely miss the black mamba.
The black mamba is moderately wounded.
The black mamba bites you! The komodo dragon closely misses you.
The black mamba bites you but does no damage.
You closely miss the black mamba.
The black mamba is moderately wounded.
The black mamba bites you but does no damage.
The komodo dragon bites you.
Okay, then.
You mangle the black mamba!! Your claw misses the black mamba.
The black mamba is almost dead.
The black mamba bites you but does no damage.
The black mamba bites you! The komodo dragon bites you!!
* * * LOW HITPOINT WARNING * * *
You feel much better. The black mamba bites you!
* * * LOW HITPOINT WARNING * * *
The komodo dragon bites you!!
* * * LOW HITPOINT WARNING * * *
The black mamba barely misses you.
Unknown command.
Okay, then.
You feel better. The black mamba completely misses you.
The komodo dragon misses you.
Unknown command.
You claw the black mamba!
You kill the black mamba!
You scratch the komodo dragon.
The komodo dragon is lightly wounded.
The komodo dragon bites you!!
You die...

.# #........ #
.. .........
#. .#
#........ ..
....../.... #.
.#........ ..
.........
##.#.#....≈≈≈.
#....l@†.≈#
##.#.###### ..
#. .( ##


You could see a komodo dragon.

Vanquished Creatures
  Erolcha (D:9)
  Erica (D:9)
  Pikel (D:4)
  An elephant (D:9)
  Joseph (D:9)
  2 black mambas
  An unseen horror (D:7)
  A hornet (D:8)
  A blink frog (Lair:1)
  5 yaks
  2 basilisks (D:9)
  4 fire bats (D:8)
  A wyvern (D:9)
  A steam dragon (D:9)
  A hell hound (D:8)
  2 water moccasins
  3 orc warriors
  2 black bears (D:7)
  A hornet zombie (Ossuary)
  2 sky beasts
  A necrophage (D:8)
  3 ogres
  4 wolves (D:9)
  6 centaurs
  A lemure (D:4)
  A phantom (D:5)
  Blork the orc (D:4)
  6 kobold brigands
  4 bullfrogs
  An elf zombie (D:7)
  2 wyvern zombies
  2 elf skeletons (D:7)
  3 scorpions
  A wyvern skeleton (D:6)
  A jelly (D:6)
  20 killer bees
  13 wights
  9 bullfrog zombies
  2 lava snakes (D:8)
  7 centaur zombies
  A gnoll shaman (D:7)
  A hound (D:6)
  A human zombie (D:7)
  2 bullfrog skeletons
  An orc priest (D:6)
  2 human skeletons (D:7)
  4 iguanas
  A scorpion zombie (D:4)
  14 orc wizards
  6 killer bee zombies
  A hound zombie (D:5)
  13 mummies (Ossuary)
  5 howler monkey zombies
  6 gnolls
  7 adders
  A river rat (Sewer)
  An adder skeleton (D:4)
  3 worms (Sewer)
  A dart slug (D:2)
  23 orcs
  14 ball pythons
  14 endoplasms
  A giant cockroach (D:3)
  2 goblins
  5 hobgoblins (D:1)
  2 jackals (D:3)
  13 kobolds
  8 quokkas
  4 bats
  4 orc skeletons (D:7)
  An orc zombie (D:7)
  3 rats
  A fire vortex (D:8)
288 creatures vanquished.

Vanquished Creatures (others)
  An orc (D:8)
  2 fire vortices (D:8)
  2 withered plants (Ossuary)
5 creatures vanquished.

Grand Total: 293 creatures vanquished

Notes
Turn   | Place    | Note
-------+----------+-------------------------------------------
     0 | D:1      | mathmaestro the Troll Monk began the quest for the Orb.
     0 | D:1      | Reached XP level 1. HP: 22/22 MP: 0/0
    52 | D:1      | Found a faded altar of an unknown god.
    58 | D:1      | Reached XP level 2. HP: 29/29 MP: 1/1
  1031 | D:2      | Reached XP level 3. HP: 32/36 MP: 2/2
  1446 | D:3      | Found Tiagoap's Assorted Antiques.
  1461 | D:3      | Bought a scroll labelled UXUYHY QEKOI for 17 gold pieces
  1799 | D:3      | Reached XP level 4. HP: 41/45 MP: 3/3
  2326 | D:4      | Noticed Blork the orc
  2412 | D:4      | Found a glowing drain.
  2429 | Sewer    | Entered a sewer
  2694 | Sewer    | Reached skill level 4 in Unarmed Combat
  2746 | Sewer    | Noticed a kobold brigand
  2762 | Sewer    | Killed a kobold brigand
  2763 | Sewer    | Reached XP level 5. HP: 44/53 MP: 4/4
  2840 | Sewer    | Reached XP level 6. HP: 49/62 MP: 5/5
  3013 | Sewer    | Reached skill level 5 in Unarmed Combat
  3421 | D:4      | Reached XP level 7. HP: 67/70 MP: 6/6
  3517 | D:4      | Killed Blork the orc
  3583 | D:4      | Reached skill level 1 in Throwing
  3583 | D:4      | Reached skill level 1 in Armour
  3620 | D:4      | Noticed Pikel
  3634 | D:4      | Killed Pikel
  3635 | D:4      | Reached XP level 8. HP: 69/79 MP: 7/7
  3647 | D:4      | You fall into a shaft and drop 3 floors!
  3708 | D:7      | Reached skill level 5 in Fighting
  3708 | D:7      | Reached skill level 5 in Dodging
  3708 | D:7      | Reached skill level 6 in Unarmed Combat
  3738 | D:7      | Killed an unseen horror
  3828 | D:7      | Found a sand-covered staircase.
  3871 | Ossuary  | Entered an ossuary
  3914 | Ossuary  | Reached XP level 9. HP: 87/88 MP: 8/8
  4164 | Ossuary  | Reached skill level 7 in Unarmed Combat
  4616 | D:5      | Entered Level 5 of the Dungeon
  4626 | D:4      | Identified the +0 ring mail of Wariness {Will+}
  5504 | D:5      | Reached XP level 10. HP: 98/98 MP: 9/9
  5776 | D:5      | Found a staircase to the Ecumenical Temple.
  5785 | Temple   | Entered the Ecumenical Temple
  6306 | D:6      | Reached skill level 5 in Throwing
  7058 | D:6      | Found Bothai Zitwo's Weapon Shoppe.
  7308 | D:7      | Reached skill level 8 in Unarmed Combat
  7988 | D:8      | Reached skill level 5 in Armour
  8913 | D:9      | Reached XP level 11. HP: 57/109 MP: 10/10
  9107 | D:9      | Found a staircase to the Lair.
  9107 | D:9      | Noticed Erica
  9178 | D:9      | Killed Erica
  9257 | D:9      | Found a bloodstained altar of Trog.
  9260 | D:9      | Found a radiant altar of Vehumet.
  9312 | D:9      | Reached skill level 9 in Unarmed Combat
  9542 | D:9      | Noticed Erolcha
  9556 | D:9      | Killed Erolcha
  9651 | D:9      | Found a staircase to the Orcish Mines.
  9819 | D:9      | Noticed Joseph
  9827 | D:9      | Killed Joseph
  9932 | Lair:1   | Entered Level 1 of the Lair of Beasts
  9936 | Lair:1   | Gained mutation: You have a pair of small antennae on your
                  | head. [potion of mutation]
  9936 | Lair:1   | Gained mutation: You have an increased reservoir of magic.
                  | (+10% MP) [potion of mutation]
 10181 | Lair:2   | HP: 2/111 [komodo dragon (25)]
 10184 | Lair:2   | Demolished by a komodo dragon

Illustrated notes

Levels and vault maps discovered:
D:1:      onia_arrival_mini_maze_b, layout_basic,
          hellmonk_ecumenical_altar_arch_garden
D:2:      layout_basic, serial_co_window_serial, co_window_cross_1,
          co_window_corner_a, co_window_of_opportunity_a, co_window_corner_a,
          co_window_corner_a, co_window_of_opportunity_b, co_window_corner_b,
          co_window_broadway_c, co_window_unsneaky_path_b,
          co_window_unsneaky_path_b, co_window_corner_b, co_window_2corner,
          glass_columns_c, glass_columns_b
D:3:      layout_basic, serial_shops, nicolae_shop_stone
D:4:      minmay_inner_zag, layout_loops_corners, portal_sewer_entry_f,
          uniq_blork_the_orc, uniq_pikel
D:5:      nicolae_cairo_tiling_large_dashed, layout_basic,
          lemuel_temple_firewalk_b
D:6:      layout_loops_corners, serial_shops, nicolae_take_the_stairs
D:7:      layout_basic, nicolae_ossuary_entry_catacombs, st_stairs_2
D:8:      layout_rooms, minmay_misc_feat_square, kennysheep_pointless_box,
          hangedman_incinerator
D:9:      layout_basic, grunt_temple_overflow_open, david_lair_generic,
          orc_0_dummy, grunt_ministairs_2, minmay_statue_bubble, uniq_erolcha,
          uniq_erica, uniq_joseph
Temple:   mainiacjoe_temple_cubbyholes
Lair:1:   wander_river, layout_big_grid, lemuel_fruit_tree
Lair:2:   layout_cave_pods, guppyfry_snake_entry_island, serial_rivers,
          chequers_serial_rivers_marsh, chequers_serial_rivers_micro_d,
          chequers_serial_rivers_small_b, chequers_serial_rivers_micro_d,
          chequers_serial_rivers_small_3, chequers_serial_rivers_small_a,
          st_stairs_13

Skill      XL: |  1  2  3  4  5  6  7  8  9 10 11 |
---------------+----------------------------------+-----
Fighting       | 3 4 5 6 7 |  7.8
Dodging        | 3 4 5 6 7 |  7.8
Unarmed Combat | 4 5 6 7 8 9 |  9.3
Throwing       | 2 3 4 6 7 |  7.1
Armour         | 1 3 4 5 6 |  6.3
Stealth        | |  1.0

Action                   |  1- 3 |  4- 6 |  7- 9 | 10-12 || total
-------------------------+-------+-------+-------+-------++-------
Melee: Unarmed           |    94 |   131 |   368 |   463 ||  1056
       Punch             |     1 |     5 |    23 |    16 ||    45
Throw: Boomerang         |       |       |       |     3 ||     3
Evoke: Wand              |       |       |       |     2 ||     2
  Use: Scroll            |       |     7 |     3 |    18 ||    28
       Potion            |       |       |     1 |     4 ||     5
 Stab: Distracted        |     1 |     1 |       |       ||     2
       Sleeping          |     5 |     5 |     2 |       ||    12
Armor: Robe              |    29 |    26 |   124 |   216 ||   395
       Skin              |       |       |     1 |       ||     1
Dodge: Dodged            |    39 |    54 |   173 |   289 ||   555

Table legend: (Time is in decaauts)
 A = Elapsed time spent in this place.
 B = Non-inter-level travel time spent in this place.
 C = Inter-level travel time spent in this place.
 D = Time resting spent in this place.
 E = Time spent auto-exploring this place.
 F = Levels seen in this place.
 G = Mean time per level.
                   A        B        C        D        E       F      G
               +--------+--------+--------+--------+--------+-----+--------+
         Total |  10296 |   9805 |    491 |    493 |   6813 |  14 |  735.4 |
       Dungeon |   8494 |   8057 |    437 |    334 |   5849 |   9 |  943.8 |
        Temple |    342 |    289 |     53 |      0 |    285 |   1 |  342.0 |
          Lair |    194 |    194 |      0 |     73 |     40 |   2 |   97.0 |
         Sewer |    829 |    829 |      0 |     32 |    530 |   1 |  829.0 |
       Ossuary |    435 |    435 |      0 |     54 |    108 |   1 |  435.0 |
               +--------+--------+--------+--------+--------+-----+--------+

Top non-repeatable levels by time:
     D:7: 1291 daAuts
     D:4: 1261 daAuts
     D:9: 1139 daAuts
     D:6: 978 daAuts
     D:8: 853 daAuts
     D:2: 848 daAuts
   Sewer: 829 daAuts
     D:3: 788 daAuts
     D:5: 770 daAuts
     D:1: 563 daAuts
 Ossuary: 435 daAuts
  Temple: 342 daAuts
  Lair:1: 184 daAuts
  Lair:2: 9 daAuts
